AoeStats
← CrazyBen

Hill Fort

506157320Analyzed
4v4 RM · 21d ago on Sep 12, 2026· 42m 56s· 8 players
Game mode
Random Map
Map size
Large (8 player)
Population
200
Speed
Normal
Resources
Standard
Victory
Conquest
Starting age
Dark Age
Ending age
Imperial Age
RankedLock teamsTeams togetherTeam positionsShared explorationLock speedFull tech treeHidden civsTurbo modeCheats
Victory
Defeat
🇻🇳 Mongols · Vietnam
1600
+15
🇦🇷 Spanish · Argentina
1564
+16
🇨🇳 Berbers · China
1540
+17
🇸🇬 Italians · Singapore
1497
+19
🇨🇴 Persians · Colombia
1621
-18
🇨🇭 Romans · Switzerland
1589
-18
🇲🇽 Saracens · Mexico
1573
-17
🇫🇷 Khmer · France
1494
-14
anirone7589
7:09 Loom
10:27 Feudal Age
11:01 Double-Bit Axe
11:43 Fishing Lines
23:08 Castle Age
23:28 Scale Mail Armor
23:39 Forging
23:15 Pikeman
24:14 Gillnets
25:31 Bow Saw
28:25 Town Watch
31:48 Imperial Age
29:46 Ballistics
29:20 Fletching
30:03 Stone Mining
30:04 Gold Mining
31:38 Masonry
31:26 Bodkin Arrow
33:30 Architecture
34:08 Chemistry
33:40 Architecture
35:21 Hoardings
35:10 Capped Ram
37:02 Caravan
36:38 Onager
37:27 Onager
38:00 Onager
38:59 Bracer
40:46 Silk Road
43:53 Conscription
倒挂着的树枝
8:57 Feudal Age
9:31 Double-Bit Axe
14:42 Loom
17:40 Castle Age
15:48 Stone Mining
16:24 Horse Collar
18:58 Bow Saw
19:30 Wheelbarrow
25:06 Hand Cart
24:43 Gold Mining
32:04 Padded Archer Armor
33:29 Heavy Plow
38:41 Imperial Age
37:13 Bloodlines
36:23 Light Cavalry
37:03 Husbandry
37:19 Scale Barding Armor
37:25 Forging
38:51 Chain Barding Armor
39:31 Iron Casting
38:45 Hussar
38:46 Cavalier
40:43 Plate Barding Armor
43:33 Blast Furnace
42:56 Caravan
Viet Nam Strategy
7:02 Loom
11:05 Feudal Age
16:18 Castle Age
15:09 Double-Bit Axe
17:52 Wheelbarrow
18:25 Horse Collar
19:43 Bow Saw
23:14 Fletching
25:09 Heavy Plow
26:06 Hand Cart
26:38 Gold Mining
27:41 Bodkin Arrow
29:05 Ballistics
33:57 Imperial Age
31:36 Padded Archer Armor
32:58 Bloodlines
32:49 Husbandry
33:05 Leather Archer Armor
32:56 Thumb Ring
33:39 Gold Shaft Mining
32:47 Light Cavalry
33:33 Scale Barding Armor
34:26 Forging
35:07 Elite Mangudai
36:08 Conscription
37:25 Chemistry
36:30 Bracer
36:51 Stone Mining
37:37 Scale Mail Armor
38:09 Chain Barding Armor
38:09 Hussar
Bo Zhi Shang
10:56 Feudal Age
15:47 Castle Age
14:56 Double-Bit Axe
14:54 Horse Collar
16:08 Wheelbarrow
16:35 Scale Barding Armor
16:41 Forging
18:50 Chain Barding Armor
18:46 Bloodlines
28:56 Loom
30:17 Iron Casting
34:33 Husbandry
39:44 Hand Cart
45:23 Imperial Age
CrazyBen
9:50 Feudal Age
13:02 Castle Age
11:11 Double-Bit Axe
12:42 Horse Collar
13:55 Bow Saw
14:08 Loom
21:17 Ballistics
24:05 Gold Mining
31:21 Imperial Age
30:40 Fletching
31:28 Heavy Scorpion
33:15 Chemistry
35:02 Double Crossbow
37:14 Coinage
Maelgwyn
10:49 Feudal Age
14:38 Castle Age
12:27 Horse Collar
14:28 Loom
14:32 Double-Bit Axe
15:35 Bow Saw
16:06 Heavy Plow
21:44 Wheelbarrow
21:10 Town Watch
22:50 Hand Cart
24:38 Stone Mining
24:39 Gold Mining
29:14 Imperial Age
27:54 Gold Shaft Mining
28:11 Ballistics
28:16 Fletching
28:42 Ballistas
28:53 Bodkin Arrow
31:09 Chemistry
30:20 Masonry
30:31 Conscription
31:48 Caravan
32:18 Coinage
31:59 Guilds
32:42 Heavy Scorpion
34:55 Architecture
34:31 Siege Engineers
37:10 Atonement
38:55 Banking
39:15 Scale Barding Armor
39:21 Forging
41:26 Crop Rotation
41:42 Elite Centurion
42:44 Chain Barding Armor
42:46 Comitatenses
MuChaunLee_Sovich
6:03 Loom
8:24 Feudal Age
9:52 Town Watch
16:23 Double-Bit Axe
18:04 Fletching
19:14 Wheelbarrow
24:33 Castle Age
22:42 Gold Mining
24:14 Horse Collar
24:40 Crossbowman
25:22 Bodkin Arrow
28:31 Padded Archer Armor
30:38 Thumb Ring
[GDL] turbojj
10:04 Feudal Age
11:56 Loom
16:33 Castle Age
15:36 Double-Bit Axe
16:08 Bloodlines
19:08 Horse Collar
20:13 Scale Barding Armor
21:47 Gold Mining
23:38 Chain Barding Armor
24:11 Husbandry
24:54 Bow Saw
34:48 Forging
40:52 Fletching
43:01 Wheelbarrow
Connection lost

Rejoining the realm…

Still unreachable

The connection could not be restored.

Session expired

The server has moved on; the page needs a fresh start.